Map: Templo óseo EE

Players

MrFercho - Winner!

  • Race: Zerg Zerg
  • League: Silver
  • Spawn Location: 1:00

tigro - Winner!

  • Race: Terran Terran
  • League: Bronze
  • Spawn Location: 12:00

TATORREA - Winner!

  • Race: Protoss Protoss
  • League: Gold
  • Spawn Location: 3:00

Sejota

  • Race: Protoss Protoss
  • League: Gold
  • Spawn Location: 6:00

rgruner

  • Race: Terran Terran
  • League: Bronze
  • Spawn Location: 7:00

magriola

  • Race: Terran Terran
  • League: Silver
  • Spawn Location: 7:00

VOD

Have the link to the VOD?

Description

Time

  • Played on: July 15, 2020, 9:49 p.m.
  • Length: 11:27
Show
View Real Time Build Order
Export as new Build Order

MrFercho Zerg - Winner!

Build Orders: Hatch First 

Get SALT Encoding   

  12  0:02  Drone  
  13  0:13  Overlord  
  13  0:17  Drone  
  14  0:33  Drone x2  
  16  1:04  Drone x3  
  16  1:09  Hatchery  
  18  1:38  Drone x3  
  21  1:58  Drone  
  22  2:12  Spawning Pool  
  22  2:14  Extractor  
  20  2:17  Extractor  
  20  2:19  Drone  
  20  2:20  Drone  
  21  2:24  Drone x2  
  23  2:39  Overlord x2  
  23  2:46  Drone x2  
  25  3:06  Drone x4  
  29  3:16  Hatchery  
  29  3:19  Drone x2  
  30  3:31  Baneling Nest  
  30  3:34  Evolution Chamber, Drone  
  28  3:36  Queen x2  
  28  3:40  Drone  
  34  3:42  Drone x2  
  36  3:54  Metabolic Boost  
  36  4:00  Zerg Melee Weapons Level 1  
  36  4:06  Zergling x8  
  40  4:29  Zergling x10  
  45  4:40  Drone x3  
  48  4:46  Lair  
  48  4:54  Zergling x4  
  48  4:55  Overlord x4  
  48  4:56  Overlord x2  
  47  5:04  Zergling x4  
  44  5:17  Zergling x8  
  46  5:34  Zergling x6  
  46  5:35  Zergling x6  
  49  5:52  Zergling x2  
  49  5:53  Zergling x12  
  55  5:59  Zergling x6  
  50  6:08  Zergling x2  
  49  6:13  Baneling x2  
  49  6:14  Zerg Melee Weapons Level 2, Baneling x6  
  44  6:39  Zergling x12  
  53  6:40  Zergling x6  
  49  6:53  Spine Crawler  
  45  7:13  Zergling x16  
  47  7:27  Zergling x12  
  52  7:40  Baneling x9  
  52  7:43  Zergling x4  
  51  7:56  Hatchery  
  48  8:10  Zergling x2  
  48  8:11  Zergling x12  
  52  8:25  Zergling x14, Hatchery  
  58  8:32  Hatchery  
  55  8:55  Baneling x2  
  55  8:56  Baneling x6  
  55  9:02  Zerg Ground Armor Level 1  
  55  9:05  Infestation Pit  
  54  9:12  Hatchery  
  54  9:15  Hatchery  
  54  9:16  Burrow  
  47  9:49  Zergling x2  
  47  9:50  Zergling x28  
  62  10:08  Zergling x2  
  62  10:09  Zergling x6  
  66  10:16  Hive  
  66  10:20  Evolution Chamber  
  65  10:28  Baneling x6  
  65  10:29  Baneling x6  
Show
View Real Time Build Order
Export as new Build Order

tigro Terran - Winner!

Build Orders:  

Get SALT Encoding   

  12  0:02  SCV  
  13  0:14  SCV  
  14  0:26  SCV  
  15  0:31  Supply Depot  
  15  0:35  Refinery  
  15  0:53  SCV  
  15  0:54  Supply Depot  
  16  1:03  Barracks  
  16  1:44  SCV, Refinery  
  17  1:56  SCV  
  17  2:00  Marine  
  20  2:08  SCV  
  20  2:18  Marine  
  20  2:20  SCV  
  20  2:22  Factory  
  22  2:32  SCV  
  22  2:36  Marine  
  24  2:44  SCV  
  24  2:51  Engineering Bay  
  25  2:54  Marine  
  25  2:57  SCV  
  27  3:07  Factory Tech Lab  
  27  3:11  Marine  
  28  3:17  Command Center  
  28  3:19  Terran Infantry Weapons Level 1  
  28  3:28  Siege Tank  
  28  3:33  Barracks Tech Lab  
  31  3:46  Orbital Command  
  29  4:30  Refinery  
  23  4:40  Siege Tank  
  23  4:42  Marine  
  27  4:48  SCV  
  28  5:00  SCV, Marine  
  30  5:12  SCV, Siege Tank  
  30  5:14  Terran Infantry Armor Level 1  
  32  5:18  Marine  
  31  5:24  SCV  
  25  5:36  SCV, Marine  
  18  5:45  Siege Tank  
  16  5:53  Marine  
  17  6:01  Planetary Fortress  
  17  6:08  SCV  
  18  6:11  Marine  
  19  6:20  SCV  
  20  6:29  Marine  
  20  6:32  SCV  
  16  6:44  SCV  
  14  6:47  Marine  
  15  6:56  SCV  
  15  6:57  Siege Tank  
  19  7:05  Marine  
  20  7:22  Marine  
  20  7:29  SCV  
  22  7:30  Supply Depot  
  22  7:40  Marine  
  22  7:41  SCV  
  24  7:53  SCV, Supply Depot  
  25  7:58  Marine  
  25  7:59  Refinery  
  25  8:01  SCV  
  25  8:05  SCV  
  28  8:13  SCV  
  28  8:16  Marine  
  28  8:17  SCV  
  31  8:25  SCV  
  32  8:29  SCV  
  32  8:31  Starport  
  33  8:38  SCV  
  34  8:41  SCV  
  35  8:50  SCV  
  35  8:53  SCV  
  37  9:02  SCV  
  36  9:10  Starport  
  36  9:14  SCV  
  37  9:44  Medivac  
  37  9:45  Marine  
  40  9:47  Combat Shield  
  40  9:54  Siege Tank  
  43  10:03  Marine  
  44  10:21  Marine  
  45  10:23  Starport Tech Lab  
  45  10:25  Starport Tech Lab  
  45  10:38  Armory, Marine  
  46  11:26  Fusion Core  
Show
View Real Time Build Order
Export as new Build Order

TATORREA Protoss - Winner!

Build Orders:  

Get SALT Encoding   

  12  0:02  Probe  
  13  0:14  Probe  
  13  0:20  Pylon  
  14  0:26  Probe  
  15  0:38  Probe  
  16  0:44  Gateway  
  16  0:52  Probe  
  17  1:05  Probe  
  18  1:17  Probe  
  19  1:29  Probe  
  20  1:41  Probe  
  21  1:49  Probe  
  22  1:57  Probe  
  23  2:13  Assimilator  
  23  2:23  Pylon  
  23  2:37  Pylon  
  23  2:42  Probe, Zealot  
  26  3:03  Gateway  
  26  3:10  Cybernetics Core  
  26  3:11  Probe  
  26  3:12  Gateway  
  27  3:16  Assimilator  
  27  3:28  Probe  
  28  3:40  Probe  
  29  4:12  Nexus  
  29  4:15  Pylon  
  29  4:17  Pylon  
  27  4:35  Warp Gate  
  27  4:39  Stalker  
  27  4:40  Stalker x2  
  33  4:58  Nexus  
  33  4:59  Pylon  
  33  5:03  Pylon  
  33  5:07  Robotics Facility  
  33  5:10  Gateway  
  33  5:12  Gateway  
  33  5:13  Probe  
  34  5:18  Sentry, Assimilator, Gateway  
  36  5:25  Probe  
  36  5:26  Stalker, Assimilator  
  33  5:54  Immortal  
  37  6:25  Stalker x2  
  39  6:26  Stalker  
  39  6:27  Zealot x2  
  47  6:40  Pylon  
  47  6:42  Pylon  
  47  6:46  Pylon x2  
  47  6:58  Observer  
  47  7:00  Stalker x2  
  52  7:01  Stalker  
  52  7:03  Zealot  
  52  7:06  Sentry  
  56  7:35  Immortal  
  60  7:37  Stalker  
  60  7:39  Zealot x2  
  66  9:03  Stalker x3  
  66  9:04  Stalker x3  
  78  9:15  Nexus  
  78  9:17  Pylon  
  78  9:33  Immortal  
  80  9:52  Probe  
  81  10:00  Stalker x2  
  81  10:04  Probe  
  86  10:16  Probe  
  81  10:29  Probe  
  80  10:40  Stalker x3  
  80  10:41  Stalker  
Show
View Real Time Build Order
Export as new Build Order

Sejota Protoss 

Build Orders:  

Get SALT Encoding   

  12  0:02  Probe  
  13  0:21  Probe  
  13  0:23  Pylon  
  14  0:33  Probe  
  15  0:45  Probe, Forge  
  16  1:02  Pylon  
  16  1:07  Pylon  
  16  1:23  Pylon, Photon Cannon  
  16  1:32  Photon Cannon  
  15  1:43  Pylon  
  14  2:04  Probe  
  15  2:16  Probe  
  16  2:28  Probe  
  17  2:39  Nexus  
  17  2:41  Probe  
  17  2:43  Pylon  
  18  2:53  Probe  
  19  3:03  Gateway  
  19  3:17  Gateway  
  19  3:19  Gateway  
  19  3:23  Gateway  
  19  3:27  Probe, Gateway  
  20  3:57  Zealot  
  20  4:02  Probe  
  23  4:08  Cybernetics Core  
  23  4:10  Assimilator  
  23  4:13  Zealot  
  23  4:14  Probe  
  26  4:26  Probe  
  26  4:27  Pylon  
  27  4:38  Probe, Zealot x4  
  36  4:51  Probe  
  37  4:58  Zealot  
  37  5:03  Probe  
  37  5:05  Zealot x4  
  44  5:12  Assimilator  
  44  5:26  Zealot  
  46  5:32  Zealot x3  
  52  5:50  Warp Gate  
  52  5:52  Pylon  
  52  6:06  Zealot  
  52  6:10  Zealot x4  
  62  6:29  Probe  
  59  6:33  Zealot  
  59  6:37  Zealot  
  59  6:39  Zealot  
  61  6:41  Probe, Zealot  
  48  6:50  Photon Cannon  
  48  6:52  Photon Cannon  
  48  6:53  Probe  
  47  6:55  Photon Cannon  
  47  6:57  Pylon  
  47  6:58  Shield Battery  
  47  7:00  Shield Battery  
  47  7:03  Protoss Ground Weapons Level 1  
  47  7:05  Probe  
  48  7:17  Probe, Photon Cannon  
  45  7:28  Pylon  
  45  7:29  Probe  
  38  7:33  Pylon  
  31  7:41  Probe  
  32  7:49  Zealot x2  
  32  7:50  Zealot x3  
  42  7:53  Probe  
  43  7:59  Gateway  
  43  8:00  Gateway  
  43  8:03  Pylon  
  43  8:06  Probe  
  42  8:18  Probe  
  35  8:30  Probe  
  35  8:34  Stalker x4  
  19  9:02  Nexus  
Show
View Real Time Build Order
Export as new Build Order

rgruner Terran 

Build Orders: 2 Factory 

Get SALT Encoding   

  12  0:04  SCV  
  13  0:24  Supply Depot, Refinery  
  13  0:26  SCV  
  14  0:55  Barracks  
  14  1:14  SCV  
  15  1:22  Refinery  
  15  1:27  SCV  
  16  1:49  Factory  
  16  2:11  Marine  
  17  2:29  Marine  
  18  2:36  Factory, Factory Tech Lab  
  18  2:46  SCV  
  19  2:58  SCV, Siege Tank  
  23  3:06  Supply Depot  
  23  3:27  SCV, Marine  
  25  3:37  Supply Depot  
  25  3:39  SCV  
  26  3:44  Siege Tank  
  29  3:52  SCV  
  29  4:03  Hellion  
  28  4:16  Siege Tank  
  28  4:40  Factory Tech Lab  
  28  4:48  Hellion  
  30  5:09  Hellion  
  30  5:49  Hellion  
  32  5:55  Factory Reactor  
  32  5:59  SCV  
  29  6:09  Command Center  
  29  6:11  SCV, Hellion  
  30  6:23  SCV  
  28  6:32  Hellion  
  30  6:54  Hellion  
  32  6:57  SCV  
  33  7:01  Armory  
  33  7:04  Infernal Pre-Igniter  
  33  7:06  Hellion x2  
  33  7:09  SCV  
  33  7:15  Hellion  
  35  7:21  SCV  
  36  7:27  Hellion x2  
  40  7:36  Hellion  
  38  7:48  Hellion  
  34  7:58  Hellion  
  34  8:01  Factory  
  34  8:12  Hellion x2  
  36  8:17  Factory  
  36  8:19  Hellion  
  38  8:20  SCV, Refinery  
  39  8:32  SCV  
  39  8:33  Hellion x2  
  44  8:44  SCV, Hellion  
  41  8:55  Hellion  
  37  9:01  Terran Vehicle Weapons Level 1  
  33  9:02  Factory Tech Lab  
  33  9:11  Factory  
  29  9:57  Factory Tech Lab  
  29  10:06  Siege Tank  
  31  10:39  Siege Tank  
Show
View Real Time Build Order
Export as new Build Order

magriola Terran 

Build Orders:  

Get SALT Encoding   

  12  0:20  Refinery  
  12  0:23  SCV  
  12  0:25  Supply Depot  
  13  0:40  SCV  
  14  0:47  Barracks  
  14  1:02  SCV  
  15  1:16  SCV  
  16  1:29  SCV  
  17  1:41  SCV  
  18  1:49  Command Center  
  18  1:57  Barracks Reactor  
  18  2:02  Factory  
  18  2:05  SCV  
  19  2:15  Supply Depot  
  19  2:17  SCV  
  20  2:29  SCV  
  21  2:34  Marine x2  
  23  2:41  SCV  
  24  2:51  Marine  
  24  2:52  Marine  
  24  2:54  SCV  
  24  2:56  Factory Reactor  
  27  3:09  Marine x2  
  27  3:12  SCV  
  30  3:14  SCV  
  31  3:24  SCV  
  31  3:26  SCV  
  33  3:27  Marine x2  
  35  3:35  Starport  
  35  3:36  SCV  
  35  3:38  SCV  
  37  3:43  Hellion x2  
  37  3:45  Marine x2  
  43  3:49  SCV  
  43  3:50  SCV  
  45  4:03  Marine  
  46  4:14  Supply Depot  
  46  4:33  Marine  
  46  4:35  Hellion x2  
  46  4:37  Supply Depot  
  50  4:59  Supply Depot  
  31  5:55  Hellion x2  
  35  5:58  Marine  
  35  5:59  Marine  
  35  6:02  SCV  
  38  6:06  Refinery  
  38  6:08  Refinery  
  38  6:09  Starport Reactor  
  38  6:14  SCV  
  38  6:16  Hellion x2, Marine x2  
  45  6:23  Barracks  
  45  6:26  SCV  
  45  6:27  Factory  
  45  6:32  Factory  
  46  6:34  Marine x2  
  46  6:37  Hellion  
  46  6:38  SCV, Hellion  
  46  6:39  Orbital Command  
  53  6:50  SCV  
  53  6:51  Marine  
  53  6:52  Marine  
  56  6:59  Hellion x2  
  60  7:14  Barracks Reactor  
  60  7:15  Factory Reactor  
  60  7:17  Factory Tech Lab  
  60  7:32  Barracks  
  60  7:36  Engineering Bay, Orbital Command  
  60  7:47  Supply Depot  
  56  8:03  Engineering Bay  
  54  8:11  Supply Depot  
  40  8:20  Barracks  
  40  8:24  Barracks Reactor  
  40  8:26  Hellion x3  
  40  8:27  Hellion x2  
  46  8:28  Infernal Pre-Igniter  
  46  8:30  Marine  
  46  8:31  Marine x3  
  46  8:34  Supply Depot  
  50  8:37  Liberator x2  
  56  8:47  Hellion  
  56  8:48  Hellion x4, Marine x4  
  70  8:56  Supply Depot  
  70  9:00  Marine  
  70  9:01  Marine  
  72  9:06  Marine x4  
  72  9:09  Hellion x5  
  86  9:18  Marine x2  
  86  9:20  Liberator x2  
  86  9:23  Marine  
  95  9:24  Marine x3  
  95  9:30  Hellion  
  95  9:31  Hellion x2  
  104  9:36  Marine  
  55  9:53  Marine  
  55  9:54  Marine x5  
  55  9:57  Hellion  
  55  9:58  Hellion x4  
  72  10:10  Barracks Reactor  
  72  10:11  Marine  
  72  10:12  Marine x5  
  77  10:18  Hellion  
  77  10:19  Hellion x4  
  73  10:29  Marine  
  73  10:30  Marine x5  
  57  10:40  Hellion x2  
  57  10:41  Hellion x2  
  58  10:45  Hellion  
  58  10:47  Marine x2  
  58  10:48  Marine x2  
Tags
 
Add a new tag
Caveats
  • Supply blocks, unpowered buildings, or Contaminate may cause inaccurate times.
  • Supply counts are checked every 10 seconds.